 Dungeon Crawl Stone Soup version 0.27.1-34-g3ba077fa99 (webtiles) character file.

Game seed: 15132347623942310515

4379 MisterFreud the Grappler (level 10, 0/144 HPs)
             Began as a Troll Berserker on Jan 3, 2022.
             Was an Elder of Trog.
             Slain by a killer bee (1 damage)
             ... on level 9 of the Dungeon.
             The game lasted 00:07:40 (4585 turns).

MisterFreud the Grappler (Troll Berserker)          Turns: 4585, Time: 00:07:41

Health: 0/144      AC:  6    Str: 33    XL:     10   Next: 13%
Magic:  9/9        EV: 11    Int:  4    God:    Trog [****..]
Gold:   277        SH:  0    Dex: 11    Spells: 9/9 levels left

rFire    . . .     SeeInvis .     - Unarmed
rCold    . . .     Faith    .   (no shield)
rNeg     . . .     Spirit   .   a - +0 animal skin
rPois    .         Reflect  .   (helmet restricted)
rElec    .         Harm     .   y - +1 cloak {Stlth+}
rCorr    .         Rampage  .   (gloves unavailable)
Will     .....                  (boots unavailable)
Stlth    ..........             (no amulet)
HPRegen  1.34/turn              q - +6 ring of strength
MPRegen  0.11/turn              (no ring)

@: berserking (expiring), lethally poisoned (0 -> -17), very quick
A: large, unfitting armour, claws 3, regeneration 1, shaggy fur 1, tough skin 1
a: Renounce Religion, Berserk, Trog's Hand, Brothers in Arms


You were on level 9 of the Dungeon.
You worshipped Trog.
Trog was greatly pleased with you.
You visited 1 branch of the dungeon, and saw 9 of its levels.

You collected 476 gold pieces.
You spent 199 gold pieces at shops.

Inventory:

Hand Weapons
 n - a +1 whip of electrocution
Missiles
 j - 3 boomerangs (quivered)
 o - 29 poisoned darts
Armour
 a - a +0 animal skin (worn)
 w - a +0 cloak
 y - a +1 cloak of stealth (worn)
Jewellery
 q - a +6 ring of strength (left claw)
Wands
 k - a wand of flame (14)
 u - a wand of iceblast (8)
 v - a wand of acid (6)
Scrolls
 c - 4 scrolls of teleportation
 e - 2 scrolls of vulnerability
 f - a scroll of torment {unknown}
 g - 2 scrolls of amnesia
 h - 2 scrolls of blinking
 l - a scroll of enchant weapon
 r - a scroll of summoning {unknown}
Potions
 b - 2 potions of flight {unknown}
 d - 3 potions of curing
 i - 4 potions of brilliance
 m - a potion of degeneration {unknown}
 p - a potion of berserk rage {unknown}
 s - a potion of attraction {unknown}
 t - a potion of heal wounds {unknown}
 z - a potion of cancellation {unknown}
 A - a potion of magic {unknown}


   Skills:
 - Level 5.0 Fighting
 - Level 6.0 Throwing
 - Level 5.0 Dodging
 + Level 10.9 Unarmed Combat
 + Level 1.9 Evocations


You had 9 spell levels left.
You didn't know any spells.
Your spell library was empty.

Dungeon Overview and Level Annotations

Branches:
Dungeon (9/15)             Temple (0/1) D:4
   Lair: D:8-11         Orc: D:9-12

Altars:
Dithmenos
Elyvilon
Hepliaklqana
Okawaru
Qazlal
Trog
Vehumet
Xom
Zin

Shops:
D:2 =   D:4 [   D:7 *

Annotations:
D:7 1 exclusion


Innate Abilities, Weirdness & Mutations

You are too large for most types of armour.
You have claws for hands.
Your natural rate of healing is unusually fast.
You are covered in fur. (AC +1)
You have tough skin. (AC +1)


Message History

The killer bee barely misses you.
You mangle the killer bee!!
You kill the killer bee!
Trog accepts your kill.
You feel very sick. The killer bee stings you.
* * * LOW HITPOINT WARNING * * *
You are more poisoned.
The killer bee poisons you!
The killer bee stings you but does no damage.
You mangle the killer bee!!
You kill the killer bee!
Trog accepts your kill.
You feel very sick. The killer bee stings you.
* * * LOW HITPOINT WARNING * * *
You completely miss the killer bee.
You feel very sick. The killer bee stings you.
* * * LOW HITPOINT WARNING * * *
You are lethally poisoned!
The killer bee poisons you! The killer bee stings you!
* * * LOW HITPOINT WARNING * * *
You are more poisoned.
The killer bee poisons you!
You miss the killer bee.
* * * LOW HITPOINT WARNING * * *
You feel very sick. The killer bee barely misses you. x2
You claw the killer bee!
The killer bee is severely wounded.
* * * LOW HITPOINT WARNING * * *
You feel very sick. The killer bee misses you.
The killer bee barely misses you.
You barely miss the killer bee.
The killer bee is severely wounded.
* * * LOW HITPOINT WARNING * * *
You feel very sick. The killer bee stings you.
You die...

###+##
.....# ....#
....#
########...#
#......†y..#
#......@y).#
#.......<..+
#..........#
#..........#
###+########


You could see 2 killer bees.

Vanquished Creatures
  Pikel (D:4)
  A gargoyle (D:9)
  A shadow (D:5)
  2 wyverns
  Eustachio (D:6)
  A steam dragon (D:7)
  Menkaure (D:4)
  An ice beast (D:5)
  4 black bears
  2 necrophages
  A centaur (D:6)
  4 ogres
  A bullfrog (D:4)
  3 scorpions
  A water moccasin zombie (D:7)
  2 water moccasin skeletons
  4 killer bees (D:9)
  2 howler monkeys
  8 orc priests
  3 bullfrog skeletons
  A gnoll shaman (D:6)
  4 hounds
  2 jellies
  6 iguanas
  Natasha (thrice) (D:4)
  3 orc wizards
  A hound zombie (D:4)
  2 hound skeletons (D:4)
  3 gnolls (D:6)
  9 adders
  A shadow imp (D:6)
  2 ufetubi
  An adder skeleton (D:4)
  A worm (D:4)
  2 dart slugs
  16 orcs
  5 endoplasms
  4 giant cockroaches
  8 goblins
  4 hobgoblins
  7 jackals (D:2)
  8 kobolds
  2 quokkas (D:1)
  7 ball pythons
  3 bats
  3 rats
152 creatures vanquished.

Notes
Turn   | Place    | Note
-------+----------+-------------------------------------------
     0 | D:1      | MisterFreud the Troll Berserker began the quest for the
                  | Orb.
     0 | D:1      | Reached XP level 1. HP: 22/22 MP: 0/0
   333 | D:1      | Reached XP level 2. HP: 29/29 MP: 1/1
   633 | D:2      | Found a faded altar of an unknown god.
   715 | D:2      | Reached skill level 4 in Unarmed Combat
   723 | D:2      | Reached XP level 3. HP: 23/36 MP: 2/2
   852 | D:2      | Reached ** piety under Trog
   853 | D:2      | Reached XP level 4. HP: 44/44 MP: 3/3
   868 | D:2      | Found Fulenui's Jewellery Shoppe.
  1110 | D:3      | Reached skill level 5 in Unarmed Combat
  1256 | D:3      | Found a radiant altar of Vehumet.
  1658 | D:3      | Reached XP level 5. HP: 50/50 MP: 4/4
  1677 | D:3      | Found a bloodstained altar of Trog.
  1683 | D:3      | Reached skill level 6 in Unarmed Combat
  1875 | D:4      | Found a staircase to the Ecumenical Temple.
  1877 | D:4      | Noticed Pikel
  1877 | D:4      | Noticed a lemure
  1877 | D:4      | Noticed a lemure
  1878 | D:4      | Noticed a lemure
  1878 | D:4      | Noticed a lemure
  1889 | D:4      | Killed Pikel
  1890 | D:4      | Reached skill level 8 in Unarmed Combat
  1890 | D:4      | Reached XP level 6. HP: 18/62 MP: 5/5
  1890 | D:4      | Reached XP level 7. HP: 19/68 MP: 6/6
  1983 | D:4      | Noticed Menkaure
  2012 | D:4      | HP: 3/71 [Menkaure (18)]
  2014 | D:4      | Killed Menkaure
  2015 | D:4      | Reached skill level 5 in Fighting
  2102 | D:4      | Found a glowing silver altar of Zin.
  2112 | D:4      | Reached *** piety under Trog
  2194 | D:4      | Reached XP level 8. HP: 80/80 MP: 7/7
  2220 | D:4      | Noticed Natasha
  2225 | D:4      | Killed Natasha
  2410 | D:4      | Found a stormy altar of Qazlal.
  2413 | D:4      | Found a shimmering altar of Xom.
  2417 | D:4      | Found a white marble altar of Elyvilon.
  2421 | D:4      | Found a shadowy altar of Dithmenos.
  2519 | D:4      | Noticed Natasha
  2523 | D:4      | Killed Natasha
  2528 | D:4      | Noticed Natasha
  2531 | D:4      | Killed Natasha
  2552 | D:4      | Found Tenum's Armour Shoppe.
  2656 | D:4      | Reached skill level 5 in Dodging
  2685 | D:4      | Found the +7 pair of quick blades "Gyre" and "Gimble"
                  | {protect}
  2691 | D:4      | Reached skill level 1 in Throwing
  2730 | D:5      | Entered Level 5 of the Dungeon
  2860 | D:5      | Reached XP level 9. HP: 88/88 MP: 8/8
  2871 | D:5      | Reached **** piety under Trog
  2872 | D:5      | Reached skill level 9 in Unarmed Combat
  3608 | D:6      | Reached skill level 5 in Throwing
  3741 | D:6      | Reached skill level 10 in Unarmed Combat
  3840 | D:6      | Found a faded altar of an unknown god.
  3840 | D:6      | Found a faded altar of an unknown god.
  3840 | D:6      | Found a hazy altar of Hepliaklqana.
  3840 | D:6      | Noticed Eustachio
  3884 | D:6      | Killed Eustachio
  4038 | D:7      | Found Ruiveq's Assorted Antiques.
  4070 | D:7      | Bought a scroll labelled TAOFYJATUE for 26 gold pieces
  4070 | D:7      | Bought an orange potion for 23 gold pieces
  4070 | D:7      | Bought a metallic dark potion for 23 gold pieces
  4070 | D:7      | Bought a purple potion for 23 gold pieces
  4070 | D:7      | Bought a short glass wand for 104 gold pieces
  4160 | D:7      | Reached skill level 1 in Evocations
  4160 | D:7      | Reached XP level 10. HP: 57/96 MP: 9/9
  4294 | D:7      | Found an iron altar of Okawaru.
  4547 | D:8      | Noticed a gargoyle
  4570 | D:9      | Killed a gargoyle
  4584 | D:9      | HP: 4/144 [poisoned by a killer bee]
  4585 | D:9      | HP: 1/144 [poisoned by a killer bee]
  4585 | D:9      | Slain by a killer bee

Illustrated notes

Levels and vault maps discovered:
D:1:      evilmike_arrival_home_sweet_home, layout_basic, st_stairs_1,
          minmay_misc_feat_tower
D:2:      layout_rooms, shapermc_ecumenical_altar_mp_ritualfount, serial_shops,
          shop_coins
D:3:      layout_basic, lemuel_doored_altar, vehumet_altar_wand_db
D:4:      minmay_octagon_keep, layout_rooms, minitemple,
          mainiacjoe_overflow_boulevard, minmay_temple_entry_grid, serial_shops,
          nicolae_shop_stone, st_stairs_3, uniq_natasha, uniq_pikel,
          uniq_menkaure
D:5:      layout_cave_pools
D:6:      layout_rooms, nicolae_hepliaklqana_ecumenical_no_more,
          kennysheep_another_room, uniq_eustachio
D:7:      layout_cave_pools, kennysheep_okawaru_gauntlet, serial_shops, shop
D:8:      layout_cave_pools, grunt_lair_entry_orc_guard_hut
D:9:      layout_grid_maze, makhleb_altar_promises_db, serial_shops, shop

Skill      XL: |  1  2  3  4  5  6  7  8  9 |
---------------+----------------------------+-----
Unarmed Combat | 4 5 8 10 | 10.9
Fighting       | 3 5 |  5.0
Dodging        | 5 |  5.0
Throwing       | 3 6 |  6.0
Evocations     | 1 |  1.9

Action                   |  1- 3 |  4- 6 |  7- 9 | 10-12 || total
-------------------------+-------+-------+-------+-------++-------
Melee: Unarmed           |    66 |   105 |   252 |    20 ||   443
       Punch             |     1 |     2 |    10 |       ||    13
Invok: Trog's Hand       |       |       |     1 |       ||     1
       Berserk           |       |       |       |     1 ||     1
  Use: Scroll            |       |       |     7 |     1 ||     8
 Stab: Sleeping          |     1 |       |     2 |       ||     3
       Distracted        |       |       |     1 |       ||     1
Armor: Animal skin       |    24 |    29 |    58 |     6 ||   117
Dodge: Dodged            |    37 |    46 |   130 |    23 ||   236
